 Dungeon Crawl Stone Soup version 0.26-a0-1025-g006ef2cfcc (webtiles) character file.

Game seed: 5236157623118637416

910 Ijustatesigmund the Cleaver (level 8, 0/73 HPs)
             Began as a Hill Orc Fighter on Dec 9, 2020.
             Slain by Menkaure (5 damage)
             ... on level 5 of the Dungeon.
             The game lasted 00:06:02 (3548 turns).

Ijustatesigmund the Cleaver (Hill Orc Fighter)      Turns: 3548, Time: 00:06:02

Health: 0/73       AC:  9    Str: 19    XL:     8   Next: 8%
Magic:  8/8        EV:  5    Int: 16    God:
Gold:   287        SH: 10    Dex: 12    Spells: 7/7 levels left

rFire    . . .     SeeInvis .   s - +3 hand axe
rCold    . . .     Faith    .   c - +1 kite shield
rNeg     . . .     Spirit   .   b - +0 chain mail
rPois    .         Reflect  .   (no helmet)
rElec    .         Harm     .   (no cloak)
rCorr    .         Rampage  .   (no gloves)
Will     .....                  (no boots)
Stlth    ..........             j - amulet of the acrobat
HPRegen  0.00/turn              h - ring of stealth
MPRegen  0.11/turn              i - +6 ring of intelligence

@: no status effects
A: agile 1, inhibited regeneration
a: no special abilities


You were on level 5 of the Dungeon.
You visited 1 branch of the dungeon, and saw 5 of its levels.

You collected 287 gold pieces.

Inventory:

Hand Weapons
 a - a +0 war axe
 s - a +3 hand axe (weapon)
Missiles
 l - 38 poisoned darts (quivered)
Armour
 b - a +0 chain mail (worn)
 c - a +1 kite shield (worn)
Jewellery
 h - a ring of stealth (left hand)
 i - a +6 ring of intelligence (right hand)
 j - an amulet of the acrobat (around neck)
 p - an uncursed ring of poison resistance {unknown}
Wands
 u - a wand of random effects (11)
Scrolls
 g - a scroll of remove curse {unknown}
 m - 3 scrolls of teleportation
Potions
 d - a potion of might
 e - a potion of haste
 f - a potion of attraction
 k - a potion of brilliance
 n - a potion of curing


   Skills:
 + Level 7.4 Fighting
 + Level 8.5 Axes
 + Level 5.0 Armour
 - Level 3.2 Shields


You had 7 spell levels left.
You didn't know any spells.
Your spell library was empty.

Dungeon Overview and Level Annotations

Branches:
Dungeon (5/15)
 Temple: D:4-7

Altars:
Ru
Sif Muna
Wu Jian

Annotations:
D:5 Menkaure


Innate Abilities, Weirdness & Mutations

You are agile. (Dex +2)
You do not regenerate when monsters are visible.


Message History

Evoke which item? (* to show all) (? for menu, Esc to quit)
Okay, then.
It was a potion of resistance.
You feel protected.
Menkaure gestures at you while chanting.
Pain shoots through your body!
* * * LOW HITPOINT WARNING * * *
It was a potion of cancellation.
Your magical effects are unravelling.
You feel magically purged.
You feel a little less clever now.
Your resistance to elements expires.
You block Menkaure's attack.
It was a potion of magic.
Magic courses through your body. You block Menkaure's attack.
You feel better.
Menkaure calls on the powers of darkness!
Your body is wracked with pain!
* * * LOW HITPOINT WARNING * * *
Menkaure hits you.
You die...

####.## #.# #.##
#.# #########...
#.# #........###
#.# #.######.# #
#.# #.# #.# #
#.#####.### #.# #
##.####)##......#
#.# #
......M@...##.#.#
#.# #
##.##.....###.#.#
#.# # .........#
#.#.####.# #
#.##.....#
#........### #
##...##
###.........
##### ##########


You could see Menkaure (fast).

Vanquished Creatures
  Eustachio (D:5)
  A water moccasin (D:5)
  A sky beast (D:5)
  2 scorpions (D:5)
  A howler monkey (D:5)
  A bullfrog zombie (D:5)
  A hound (D:3)
  3 orc priests (D:4)
  2 iguanas
  A centaur skeleton (D:4)
  2 orc wizards (D:4)
  2 worker ants (D:4)
  3 adders
  A shadow imp (D:5)
  2 adder skeletons
  A worm (D:2)
  2 dart slugs
  A leopard gecko (D:1)
  11 orcs
  8 bats
  3 giant cockroaches
  4 goblins
  2 hobgoblins
  2 jackals (D:4)
  3 kobolds
  2 quokkas
  3 ball pythons
  9 frilled lizards
  A jackal skeleton (D:5)
  7 rats
83 creatures vanquished.

Notes
Turn   | Place    | Note
-------+----------+-------------------------------------------
     0 | D:1      | Ijustatesigmund the Hill Orc Fighter began the quest for
                  | the Orb.
     0 | D:1      | Reached XP level 1. HP: 19/19 MP: 1/1
   122 | D:1      | Reached skill level 3 in Axes
   207 | D:1      | Reached XP level 2. HP: 26/26 MP: 2/2
   235 | D:1      | Reached skill level 4 in Axes
   361 | D:1      | You fall into a shaft and drop 1 floor!
   785 | D:2      | Reached XP level 3. HP: 31/31 MP: 3/3
   813 | D:2      | Gained mutation: You do not regenerate when monsters are
                  | visible. [potion of mutation]
   813 | D:2      | Gained mutation: You are agile. (Dex +2) [potion of
                  | mutation]
  1129 | D:3      | Found a sacrificial altar of Ru.
  1433 | D:3      | Reached skill level 5 in Axes
  1489 | D:3      | Found a shimmering blue altar of Sif Muna.
  1664 | D:3      | Found an ornate altar of the Wu Jian Council.
  1735 | D:4      | Reached XP level 4. HP: 36/40 MP: 4/4
  1810 | D:3      | Reached XP level 5. HP: 12/47 MP: 5/5
  2057 | D:3      | Reached skill level 5 in Fighting
  2057 | D:3      | Reached skill level 6 in Axes
  2321 | D:4      | Reached XP level 6. HP: 30/56 MP: 6/6
  2579 | D:4      | Reached skill level 7 in Axes
  3205 | D:5      | Entered Level 5 of the Dungeon
  3214 | D:5      | Reached XP level 7. HP: 58/64 MP: 7/7
  3283 | D:5      | Noticed Eustachio
  3302 | D:5      | Killed Eustachio
  3303 | D:5      | Reached skill level 8 in Axes
  3531 | D:5      | Noticed Menkaure
  3536 | D:5      | Reached skill level 5 in Armour
  3536 | D:5      | Reached XP level 8. HP: 65/73 MP: 8/8
  3543 | D:5      | HP: 3/73 [Menkaure (18)]
  3545 | D:5      | HP: 1/73 [Menkaure/nerve-wracking pain (7)]
  3548 | D:5      | Slain by Menkaure

Illustrated notes

Levels and vault maps discovered:
D:1:      wander_arrival_lonely_grave, layout_rooms
D:2:      layout_basic, chequers_serial_rivers_micro_a
D:3:      layout_loops_ring, nicolae_overflow_hidden_temple, led_sif_pool,
          lemuel_round_altar, mrwooster_statue_mirror, feat_on_display
D:4:      layout_cave_pools, serial_park_tiny_pond
D:5:      layout_loops_ring, gammafunk_temple_overflow_pools,
          gammafunk_temple_overflow_elements, eino_curves_03,
          saegor_snake_ambush, uniq_menkaure, uniq_ijyb, uniq_eustachio

Skill      XL: |  1  2  3  4  5  6  7 |
---------------+----------------------+-----
Axes           | 3 4 5 6 7 8 |  8.5
Fighting       | 4 5 6 7 |  7.4
Armour         | 5 |  5.0
Shields        | |  3.2

Action                   |  1- 3 |  4- 6 |  7- 9 || total
-------------------------+-------+-------+-------++-------
Melee: War axe           |   108 |    46 |       ||   154
       Hand axe          |       |    59 |    66 ||   125
Throw: Dart              |       |     6 |     3 ||     9
  Use: Scroll            |     5 |     2 |       ||     7
       Potion            |     1 |     1 |     6 ||     8
Armor: Scale mail        |    37 |    30 |       ||    67
       Chain mail        |       |    11 |    26 ||    37
Dodge: Dodged            |    33 |    40 |     7 ||    80
Block: Kite shield       |    57 |    50 |    27 ||   134

Table legend: (Time is in decaauts)
 A = Elapsed time spent in this place.
 B = Non-inter-level travel time spent in this place.
 C = Inter-level travel time spent in this place.
 D = Time resting spent in this place.
 E = Time spent auto-exploring this place.
 F = Levels seen in this place.
 G = Mean time per level.
                   A        B        C        D        E       F      G
               +--------+--------+--------+--------+--------+-----+--------+
         Total |   3607 |   3517 |     90 |    773 |   2127 |   5 |  721.4 |
       Dungeon |   3607 |   3517 |     90 |    773 |   2127 |   5 |  721.4 |
               +--------+--------+--------+--------+--------+-----+--------+

Top non-repeatable levels by time:
     D:4: 1241 daAuts
     D:3: 920 daAuts
     D:1: 562 daAuts
     D:2: 540 daAuts
     D:5: 342 daAuts
